 Dungeon Crawl Stone Soup version 0.30.1-5-ged363bc7ee (webtiles) character file.

Game seed: 9179553934145152639

23 ChiefBigBeans the Shield-Bearer (level 3, -1/29 HPs)
             Began as a Formicid Fighter on Sept 19, 2023.
             Succumbed to an adder's poison
             ... on level 2 of the Dungeon.
             The game lasted 00:00:41 (487 turns).

ChiefBigBeans the Shield-Bearer (Formicid Fighter)   Turns: 487, Time: 00:00:42

Health: -1/29      AC:  6    Str: 22    XL:     3   Next: 10%
Magic:  3/3        EV:  9    Int:  7    God:
Gold:   26         SH:  5    Dex: 13    Spells: 2/2 levels left

rFire   . . .        a - +0 long sword
rCold   . . .        c - +0 buckler
rNeg    . . .        b - +0 scale mail
rPois   .            (helmet unavailable)
rElec   .            (no cloak)
rCorr   .            (no gloves)
SInv    +            (no boots)
Will    .....        (no amulet) Stlth
                     (no ring)
HPRegen 0.24/turn    (no ring)
MPRegen 0.08/turn

%: no passive effects
@: lethally poisoned (-1 -> -3)
A: permanent stasis, dig shafts and tunnels, antennae 3, four strong arms
a: Dig, Shaft Self


You were on level 2 of the Dungeon.
You visited 1 branch of the dungeon, and saw 2 of its levels.

You collected 26 gold pieces.

Inventory:

Hand Weapons
 a - a +0 long sword (weapon)
Armour
 b - a +0 scale mail (worn)
 c - a +0 buckler (worn)
Scrolls
 e - a scroll of teleportation {unknown}
 f - a scroll of identify {unknown}
Potions
 d - a potion of might
 g - a potion of curing {unknown}


   Skills:
 + Level 3.6 Fighting
 + Level 2.3 Long Blades
 + Level 3.6 Armour
 + Level 4.3 Shields


You had 2 spell levels left.
You didn't know any spells.
Your spell library contained the following spells:

 Spells                   Type           Power      Damage    Failure   Level
 Dazzling Flash           Conj/Hex       0%         N/A       99%         3
 Volatile Blastmotes      Fire/Tloc      0%         2d10      99%         3
 Iskenderun's Mystic Bla  Conj/Tloc      0%         2d3       100%        4
 Starburst                Conj/Fire      0%         6d3       100%        6


Dungeon Overview and Level Annotations

Branches:
Dungeon (1/15)

Altars:


Innate Abilities, Weirdness & Mutations

You cannot be hasted, slowed, berserked, paralysed or teleported.
You can dig through walls and to a lower floor.
You have a pair of large antennae on your head. (SInv)
Your four strong arms can wield two-handed weapons with a shield.


Message History

The hobgoblin barely misses you. The adder bites you but does no damage.
The hobgoblin hits you.
You miss the adder.
The adder is severely wounded.
You block the adder's attack. The adder closely misses you.
The hobgoblin barely misses you.
You closely miss the adder.
The adder is severely wounded.
The adder bites you. The hobgoblin hits you.
The adder bites you but does no damage.
You barely miss the adder.
The adder is severely wounded.
The adder bites you. The hobgoblin barely misses you. The adder bites you.
You are poisoned.
The adder poisons you! The hobgoblin hits you.
You are too injured to fight recklessly!
You are too injured to fight recklessly!
You are too injured to fight recklessly!
* * * LOW HITPOINT WARNING * * *
You feel sick.
Unknown command.
You barely miss the adder.
The adder is severely wounded.
* * * LOW HITPOINT WARNING * * *
You feel sick. The adder bites you but does no damage.
The hobgoblin barely misses you. The adder bites you.
* * * LOW HITPOINT WARNING * * *
You barely miss the adder.
The adder is severely wounded.
* * * LOW HITPOINT WARNING * * *
You feel sick. You block the adder's attack. The hobgoblin closely misses you.
You miss the adder.
The adder is severely wounded.
* * * LOW HITPOINT WARNING * * *
You feel sick. The adder bites you.
* * * LOW HITPOINT WARNING * * *
The hobgoblin completely misses you. You block the adder's attack.
You barely miss the adder.
The adder is severely wounded.
You die...

############
....##.....##
............#####
.........†......#
................#
..........>.....#
................#
................########
................@.....>.
............#...Sg......
..†........##...........
####..##### ##.#........
#...# #.#........
###.#.##### #.#........
........... ...........
##......... . .........
##...[....# ....#####


You could see an adder and a hobgoblin.

Vanquished Creatures
  An adder (D:2)
  3 bats
  An endoplasm (D:2)
  A goblin (D:1)
  2 hobgoblins
  2 quokkas
  A frilled lizard (D:1)
  A kobold (D:1)
  2 rats (D:2)
14 creatures vanquished.

Notes
Turn   | Place    | Note
-------+----------+-------------------------------------------
     0 | D:1      | ChiefBigBeans the Formicid Fighter began the quest for the
                  | Orb.
     0 | D:1      | Reached XP level 1. HP: 18/18 MP: 1/1
   356 | D:1      | Reached XP level 2. HP: 19/24 MP: 2/2
   375 | D:1      | You fall into a shaft and drop 1 floor!
   438 | D:2      | Reached XP level 3. HP: 27/29 MP: 3/3
   486 | D:2      | HP: 1/29 [adder (2)]
   487 | D:2      | Succumbed to an adder's poison

Illustrated notes

Levels and vault maps discovered:
D:1:      dpeg_arrival_central, layout_basic, serial_corexii_hall,
          chequers_hall_statues_y, corexii_hall_statues_x
D:2:      layout_rooms

Action                     || total
---------------------------++-------
  Melee: Long sword        ||    46
 Armour: Scale mail        ||    20
  Dodge: Dodged            ||    20
  Block: Buckler           ||    13
